AoeStats
← CharlesFP89

Nomad

509702961Analyzed
4v4 RM · 3d ago on Sep 27, 2026· 42m 26s· 8 players
Game mode
Random Map
Map size
231×231
Population
200
Speed
Normal
Resources
Standard
Victory
Conquest
Starting age
Dark Age
Ending age
Imperial Age
RankedLock teamsTeams togetherTeam positionsShared explorationLock speedFull tech treeHidden civsTurbo modeCheats
Victory
Defeat
🇫🇷 Persians · France
935
+13
🇫🇷 Franks · France
880
+15
🇨🇭 Italians · Switzerland
862
+16
🇫🇷 Teutons · France
841
+16
🇧🇷 Persians · Brazil
922
-18
🇧🇷 Vikings · Brazil
876
-16
🇧🇷 Khmer · Brazil
839
-14
🇧🇷 Japanese · Brazil
780
-12
FREDERICUS-HERECTUS
5:00 Loom
17:23 Feudal Age
17:51 Town Watch
18:13 Double-Bit Axe
18:17 Horse Collar
18:58 Gold Mining
20:24 Stone Mining
21:33 Man-at-Arms
24:38 Forging
26:41 Castle Age
25:10 Fletching
25:21 Scale Mail Armor
25:21 Padded Archer Armor
26:11 Arson
28:25 Bow Saw
28:36 Bodkin Arrow
31:12 Heavy Plow
34:55 Pikeman
38:32 Imperial Age
36:10 Squires
38:03 Iron Casting
37:44 Chain Mail Armor
37:44 Leather Archer Armor
JLT_Jhoni
3:26 Loom
17:47 Feudal Age
19:05 Wheelbarrow
19:10 Town Watch
35:49 Castle Age
34:07 Stone Mining
35:07 Horse Collar
35:18 Double-Bit Axe
39:21 Stone Shaft Mining
39:01 Bow Saw
38:56 Heavy Plow
38:53 Gold Mining
39:49 Ballistics
39:27 Murder Holes
felipetutuba
17:27 Feudal Age
17:58 Double-Bit Axe
24:25 Castle Age
28:09 Fletching
35:55 Bodkin Arrow
36:02 Scale Mail Armor
36:12 Forging
35:54 Pikeman
36:35 Squires
40:38 Chain Mail Armor
44:28 Imperial Age
42:37 Iron Casting
JLT_Shinoub
3:53 Loom
17:29 Feudal Age
18:48 Wheelbarrow
18:00 Double-Bit Axe
17:57 Horse Collar
18:13 Stone Mining
27:07 Castle Age
26:07 Bloodlines
26:53 Fletching
28:07 Hand Cart
28:04 Bow Saw
27:59 Elite Skirmisher
29:29 Heavy Plow
29:45 Pikeman
37:37 Murder Holes
41:15 Husbandry
40:36 Light Cavalry
Legrumsx
14:13 Feudal Age
15:11 Loom
15:19 Double-Bit Axe
17:08 Fletching
24:41 Castle Age
23:08 Horse Collar
24:47 Wheelbarrow
24:50 Crossbowman
25:59 Bodkin Arrow
26:43 Thumb Ring
28:07 Heavy Plow
28:26 Hand Cart
31:00 Padded Archer Armor
32:14 Gold Mining
32:16 Stone Mining
32:19 Town Watch
35:39 Ballistics
42:28 Imperial Age
41:20 Pikeman
42:41 Leather Archer Armor
42:47 Squires
plaiemobile
3:46 Loom
13:09 Feudal Age
15:24 Wheelbarrow
15:55 Wheelbarrow
16:47 Double-Bit Axe
27:41 Castle Age
26:11 Forging
26:07 Scale Barding Armor
29:10 Iron Casting
32:54 Man-at-Arms
34:40 Hand Cart
35:37 Gold Mining
35:38 Stone Mining
CharlesFP89
13:11 Loom
14:59 Feudal Age
19:15 Castle Age
17:23 Double-Bit Axe
20:09 Wheelbarrow
20:25 Bow Saw
22:27 Gambesons
22:03 Man-at-Arms
23:18 Scale Mail Armor
23:29 Forging
27:20 Long Swordsman
28:52 Hand Cart
36:25 Stone Mining
36:26 Gold Mining
39:09 Kamandaran
39:58 Crossbowman
40:53 Horse Collar
41:31 Padded Archer Armor
41:22 Fletching
Haboryme
8:44 Loom
15:19 Feudal Age
16:39 Horse Collar
16:44 Man-at-Arms
17:22 Double-Bit Axe
18:43 Fishing Lines
23:57 Castle Age
22:35 Scale Mail Armor
23:18 Stone Mining
24:07 Forging
25:15 Squires
24:37 Long Swordsman
24:39 Pikeman
26:17 Bow Saw
26:41 Gambesons
28:25 Arson
30:11 Crossbowman
31:32 Fletching
31:44 Padded Archer Armor
33:03 Devotion
38:21 Gillnets
39:53 Heavy Plow
Connection lost

Rejoining the realm…

Still unreachable

The connection could not be restored.

Session expired

The server has moved on; the page needs a fresh start.